 Dungeon Crawl Stone Soup version 0.25-b1-23-ge2ad7d536c (webtiles) character file.

Game seed: 9993003984044550587, levelgen mode: deterministic

7758 diana the Fighter (level 11, -2/95 HPs)
             Began as a Demonspawn Fighter on June 1, 2020.
             Was a Priest of Okawaru.
             Slain by a harpy zombie (5 damage)
             ... on level 13 of the Dungeon.
             The game lasted 00:18:26 (12523 turns).

diana the Fighter (Demonspawn Fighter)             Turns: 12523, Time: 00:18:27

Health: -2/95      AC:  5    Str: 16    XL:     11   Next: 1%
Magic:  23/23      EV:  8    Int: 10    God:    Okawaru [***...]
Gold:   607        SH: 12    Dex: 17    Spells: 10/10 levels left

rFire    + . .     SeeInvis .   F - +0 scimitar (flame)
rCold    + . .     Gourm    .   c - +1 kite shield
rNeg     . . .     Faith    .   e - +0 ring mail of the Unbroken {rPois Str-3 Dex+4 Slay+3} (curse)
rPois    +         Spirit   .   (helmet restricted)
rElec    .         Reflect  .   E - scarf {rC+ rF+}
rCorr    .         Harm     .   (no gloves)
MR       .....                  (no boots)
Stlth    ++........             (no amulet)
HPRegen  0.25/turn              o - ring of stealth
MPRegen  0.18/turn              v - ring of magical power

@: no status effects
A: antennae 1, claws 2, foul stench 1, spiny 1, rot immunity
a: Heroism, Renounce Religion


You were on level 13 of the Dungeon.
You worshipped Okawaru.
Okawaru was most pleased with you.
You were not hungry.

You visited 2 branches of the dungeon, and saw 12 of its levels.

You collected 607 gold pieces.

Inventory:

Hand Weapons
 F - a +0 scimitar of flaming (weapon)
Missiles
 h - 5 atropa-tipped darts
 y - a throwing net (quivered)
Armour
 c - a +1 kite shield (worn)
 e - the cursed +0 ring mail of the Unbroken (worn) {rPois Str-3 Dex+4 Slay+3}
   (You found it on level 6 of the Dungeon)

   It affects your strength (-3).
   It affects your dexterity (+4).
   It affects your accuracy and damage with ranged weapons and melee attacks
   (+3).
   It protects you from poison.
   It has a curse placed upon it.
 E - a scarf of resistance (worn)
Jewellery
 o - a ring of stealth (left claw)
 v - a ring of magical power (right claw)
 G - an uncursed ring of protection from fire {unknown}
Wands
 a - a wand of random effects (12)
 d - a wand of flame (19)
 k - a wand of acid (8)
 s - a wand of iceblast (15)
 u - a wand of polymorph (7)
 D - a wand of paralysis (11)
Scrolls
 g - 7 scrolls of remove curse
 i - 2 scrolls of fog
 m - 7 scrolls of teleportation
 n - 3 scrolls of magic mapping
 r - 3 scrolls of blinking
 B - 5 scrolls of amnesia
Potions
 j - 2 potions of stabbing {unknown}
 l - 2 potions of invisibility {unknown}
 p - 5 potions of brilliance {unknown}
 q - 7 potions of lignification
 t - 3 potions of curing {unknown}
 w - a potion of cancellation {unknown}
 x - 2 potions of mutation {unknown}
 z - a potion of degeneration {unknown}
 A - a potion of resistance {unknown}
 H - a potion of heal wounds
 I - a potion of magic {unknown}
Comestibles
 b - 4 chunks of flesh
 f - 22 rations


   Skills:
 * Level 11.9 Fighting
 + Level 7.8 Long Blades
 - Level 2.6 Armour
 + Level 8.1 Shields
 + Level 5.2 Invocations


You had 10 spell levels left.
You didn't know any spells.
Your spell library contained the following spells:

 Spells                   Type           Power        Failure   Level  Hunger
 Beastly Appendage        Tmut           #.....       86%         1    ##.....
 Foxfire                  Conj/Fire      #...         86%         1    ##.....
 Sticks to Snakes         Tmut           #.......     95%         2    ###....
 Conjure Flame            Conj/Fire      #.......     99%         3    ####...
 Inner Flame              Hex/Fire       #.......     99%         3    ####...
 Spider Form              Tmut/Pois      #.........   99%         3    ####...
 Ice Form                 Ice/Tmut       #.......     100%        4    #####..
 Sticky Flame             Conj/Fire      #.......     100%        4    #####..
 Blade Hands              Tmut           #.........   100%        5    ######.
 Fireball                 Conj/Fire      #.........   100%        5    ######.


Dungeon Overview and Level Annotations

Branches:
Dungeon (10/15)            Temple (1/1) D:7            Lair (0/6) D:8
    Orc: D:9-12

Altars:
Ashenzari
Cheibriados
Dithmenos
Elyvilon
Fedhas
Gozag
Hepliaklqana
Kikubaaqudgha
Makhleb
Nemelex Xobeh
Okawaru
Qazlal
Ru
Sif Muna
Trog
Uskayaw
Vehumet
Wu Jian
Xom
Yredelemnul
Zin
The Shining One

Shops:
D:13 [[

Annotations:
D:8 2 transporters, kathalu's ghost, novice MiBe


Innate Abilities, Weirdness & Mutations

You have a pair of small antennae on your head.
You have very sharp fingernails.
You may emit foul miasma when damaged in melee.
You are partially covered in sharp spines.
You are immune to rotting.


Message History

A harpy zombie comes into view.
The slime creature is struck by your spines.
The slime creature hits you!
* * * LOW HITPOINT WARNING * * *
The slime creature looks sick.
You emit a cloud of foul miasma!
The slime creature is engulfed in dark miasma.
The very large slime creature hits you but does no damage.
Found Qoex's Antique Armour Shoppe.
You block the slime creature's attack. The harpy zombie claws you.
* * * LOW HITPOINT WARNING * * *
You block the harpy zombie's attack. You block the harpy zombie's attack.
The harpy zombie claws you.
* * * LOW HITPOINT WARNING * * *
You emit a cloud of foul miasma!
You block the harpy zombie's attack. The harpy zombie claws you.
* * * LOW HITPOINT WARNING * * *
The harpy zombie is struck by your spines.
The harpy zombie claws you.
You die...

#### ##...## ##≈.≈..#
#≈≈.≈≈@## #≈≈∩≈≈Z.##
#≈≈≈≈≈J§.#
#.≈≈≈.J..#####..##
#....#...##.#.....##
##.####.....#......##
#. #........###.. .
##T.......##.##
###........###..###


You could see a very large slime creature (sick), a slime creature (sick), a
troll and a harpy zombie.

Vanquished Creatures
  A two-headed ogre (D:9)
  Pikel (D:4)
  5 hippogriffs
  Eustachio (D:5)
  A wyvern (D:8)
  A hungry ghost (D:8)
  2 chaos spawn (D:9)
  A water moccasin (D:8)
  2 black bears
  3 orc warriors
  2 phantoms
  3 ice beasts
  2 sky beasts
  6 ogres
  6 centaurs
  A crocodile (D:8)
  A big kobold (D:8)
  4 bullfrogs
  2 wyvern skeletons
  A scorpion (D:10)
  5 killer bees (D:9)
  11 wights
  3 howler monkeys
  2 crimson imps
  5 jellies
  2 quasits
  A centaur skeleton (D:8)
  3 bullfrog skeletons
  4 hounds
  A bullfrog zombie (D:6)
  A gnoll shaman (D:8)
  8 orc priests
  3 iguanas
  8 orc wizards
  9 worker ants
  3 worker ant zombies
  4 gnolls (D:8)
  8 adders
  4 shadow imps
  An adder zombie (D:6)
  2 worms (D:3)
  3 dart slugs
  A leopard gecko (D:5)
  39 orcs
  8 bats
  9 giant cockroaches
  5 goblins
  4 hobgoblins
  2 jackals (D:7)
  4 quokkas
  2 ball pythons
  3 frilled lizards
  10 kobolds
  2 quokka skeletons
  10 rats
236 creatures vanquished.

Vanquished Creatures (others)
  A howler monkey (D:5)
  A crimson imp (D:5)
  A worker ant (D:5)
  A hound skeleton (D:5)
  2 orcs
  A quokka (D:5)
7 creatures vanquished.

Grand Total: 243 creatures vanquished

Notes
Turn   | Place    | Note
-------+----------+-------------------------------------------
     0 | D:1      | diana the Demonspawn Fighter began the quest for the Orb.
     0 | D:1      | Reached XP level 1. HP: 18/18 MP: 1/1
   238 | D:1      | Gained mutation: You are partially covered in sharp spines.
                  | [demonic ancestry]
   238 | D:1      | Reached XP level 2. HP: 24/24 MP: 2/2
   839 | D:2      | Gained mutation: You are immune to rotting. [demonic
                  | ancestry]
   839 | D:2      | Reached XP level 3. HP: 27/30 MP: 3/3
   881 | D:2      | Found a sacrificial altar of Ru.
  1407 | D:3      | Reached skill level 4 in Fighting
  1588 | D:3      | Gained mutation: You have a pair of small antennae on your
                  | head. [demonic ancestry]
  1588 | D:3      | Reached XP level 4. HP: 37/37 MP: 4/4
  1609 | D:3      | Noticed a phantom
  1643 | D:3      | Killed a phantom
  1643 | D:3      | Reached XP level 5. HP: 30/43 MP: 5/5
  2380 | D:4      | Reached skill level 5 in Fighting
  2536 | D:4      | Noticed a phantom
  2565 | D:4      | Killed a phantom
  2565 | D:4      | Gained mutation: You have sharp fingernails. [demonic
                  | ancestry]
  2565 | D:4      | Reached XP level 6. HP: 28/51 MP: 6/6
  2891 | D:4      | Found Iseluf's Elemental Accessories.
  3113 | D:5      | Entered Level 5 of the Dungeon
  3133 | D:5      | Noticed Eustachio
  3446 | D:5      | Noticed Pikel
  3446 | D:5      | Noticed a slave
  3446 | D:5      | Noticed a slave
  3446 | D:5      | Noticed a slave
  3446 | D:5      | Noticed a slave
  3480 | D:4      | Killed Pikel
  3480 | D:4      | Reached skill level 6 in Fighting
  3480 | D:4      | Reached XP level 7. HP: 34/59 MP: 7/7
  3802 | D:5      | Reached skill level 7 in Fighting
  3852 | D:5      | Killed Eustachio
  3852 | D:5      | Reached skill level 5 in Shields
  3852 | D:5      | Reached XP level 8. HP: 51/67 MP: 8/8
  4140 | D:5      | Found a shimmering altar of Xom.
  4822 | D:6      | Reached skill level 5 in Long Blades
  4858 | D:6      | Reached skill level 8 in Fighting
  5317 | D:6      | Got a warped ring mail
  5328 | D:6      | Identified the cursed +0 ring mail of the Unbroken {rPois
                  | Str-3 Dex+4 Slay+3} (You found it on level 6 of the
                  | Dungeon)
  5961 | D:6      | Reached skill level 9 in Fighting
  5961 | D:6      | Gained mutation: You have very sharp fingernails. [demonic
                  | ancestry]
  5961 | D:6      | Reached XP level 9. HP: 69/76 MP: 9/9
  6915 | D:7      | Found a staircase to the Ecumenical Temple.
  6930 | Temple   | Entered the Ecumenical Temple
  7312 | D:7      | Reached skill level 10 in Fighting
  7377 | D:7      | Found an iron altar of Okawaru.
  7383 | D:7      | Became a worshipper of Warmaster Okawaru
  7775 | D:7      | Got a distressingly furry helmet
  8492 | D:7      | Found an iron altar of Okawaru.
  8522 | D:8      | Found a transporter.
  8544 | D:8      | Reached * piety under Okawaru
  8610 | D:8      | Found a white marble altar of Elyvilon.
  8645 | D:8      | Found a staircase to the Lair.
  9051 | D:7      | HP: 1/79 [orc warrior/+0 war axe (22)]
  9189 | D:7      | Gained mutation: You may emit foul miasma when damaged in
                  | melee. [demonic ancestry]
  9189 | D:7      | Reached XP level 10. HP: 34/86 MP: 10/10
  9448 | D:8      | Found a transporter.
  9449 | D:8      | Noticed kathalu's ghost (novice MiBe)
  9481 | D:8      | Reached skill level 1 in Invocations
 10200 | D:8      | Reached skill level 11 in Fighting
 10601 | D:9      | Reached ** piety under Okawaru
 11489 | D:9      | Noticed a two-headed ogre
 11497 | D:9      | Killed a two-headed ogre
 11676 | D:9      | Found a shattered altar of Ashenzari.
 11695 | D:9      | Found a shimmering altar of Xom.
 11697 | D:9      | Found the +7 mace of Variability {chain chaos}
 11809 | D:9      | Reached *** piety under Okawaru
 12219 | D:9      | Found a hazy altar of Hepliaklqana.
 12223 | D:9      | Found a shattered altar of Ashenzari.
 12228 | D:9      | Reached skill level 5 in Invocations
 12246 | D:9      | Found a bloodstained altar of Trog.
 12378 | D:10     | Entered Level 10 of the Dungeon
 12480 | D:10     | Reached XP level 11. HP: 37/95 MP: 14/14
 12490 | D:10     | You fall into a shaft and drop 3 floors!
 12511 | D:13     | Found Ilias's Antique Armour Shop.
 12516 | D:13     | Found Qoex's Antique Armour Shoppe.
 12523 | D:13     | HP: 3/95 [harpy zombie (6)]
 12523 | D:13     | Slain by a harpy zombie

Illustrated notes

Levels and vault maps discovered:
D:1:      minmay_arrival_diagonal_passages, layout_basic, minmay_pentomino_t4
D:2:      layout_basic, nicolae_ru_path_of_blood
D:3:      layout_rooms, cheibrodos_sewer_entry_bend, kennysheep_boxes
D:4:      layout_loops_ring, first_ration, nicolae_elemental_shop
D:5:      layout_loops_ring, basic_altar, minmay_quadrilaterals, uniq_eustachio,
          uniq_pikel
D:6:      layout_loops_ring
D:7:      layout_loops_corners, kennysheep_mini,
          minmay_temple_entry_sparse_star, grunt_ogre_cave,
          okawaru_ov_weapons_minmay
D:8:      layout_basic, nicolae_overflow_crystal_walls, lair_entry_dummy,
          gammafunk_ghost_mausoleum
D:9:      layout_small_grid, minmay_overflow_temple_star_quad, basic_altar,
          minmay_guarded_unrand_variability
D:10:     lemuel_troll_bridge, layout_loops_ring, david_orc_5, enter_bailey_3,
          hangedman_abyss_or_decor_lesser_grid, hangedman_weighted_door,
          uniq_sonja
D:13:     layout_cave_pools, david_vaults_5, serial_shops, nicolae_shop_crystal,
          shop_fountains, nicolae_shop_waterfront, shop, nicolae_shop_stone,
          minmay_tree_intersection, uniq_maurice
Temple:   nicolae_temple_x_marks_the_god

Skill      XL: |  1  2  3  4  5  6  7  8  9 10 |
---------------+-------------------------------+-----
Long Blades    | 2 3 4 5 6 7 |  7.8
Shields        | 3 4 5 6 7 8 |  8.1
Fighting       | 4 5 6 7 9 10 11 | 11.9
Invocations    | 5 |  5.2
Armour         | |  2.6

Action                   |  1- 3 |  4- 6 |  7- 9 | 10-12 || total
-------------------------+-------+-------+-------+-------++-------
Melee: Long sword        |    92 |   144 |   373 |    81 ||   690
       Scimitar          |       |       |       |   151 ||   151
Throw: Dart              |       |       |     2 |       ||     2
       Throwing net      |       |       |     1 |       ||     1
Invok: Heroism           |       |       |     2 |     4 ||     6
Evoke: Wand              |       |       |       |     2 ||     2
  Use: Potion            |       |     4 |     2 |     1 ||     7
       Scroll            |       |       |       |    10 ||    10
 Stab: Sleeping          |       |       |     2 |     2 ||     4
  Eat: Chunk             |     2 |     5 |    19 |    10 ||    36
       Ration            |       |       |       |     1 ||     1
Armor: Chain mail        |    45 |    68 |    59 |       ||   172
       Scale mail        |     3 |       |       |       ||     3
       Ring mail         |       |       |    44 |    61 ||   105
Dodge: Dodged            |    16 |    20 |    94 |    68 ||   198
Block: Kite shield       |    49 |    89 |   189 |   160 ||   487
       Rpst.: Long sword |     4 |     5 |    15 |     1 ||    25
       Scimitar          |       |       |       |    15 ||    15
